 Dungeon Crawl Stone Soup version 0.21.1-1-g345015f (webtiles) character file.

93 prawnwizard the Shield-Bearer (level 4, -12/42 HPs)
             Began as a Deep Dwarf Fighter on July 2, 2018.
             Mangled by an ogre
             ... wielding a +0 giant spiked club
              (24 damage)
             ... on level 4 of the Dungeon.
             The game lasted 00:04:48 (1547 turns).

prawnwizard the Shield-Bearer (Deep Dwarf Fighter)  Turns: 1547, Time: 00:04:49

Health: -12/42     AC:  6    Str: 20    XL:     4   Next: 36%
Magic:  4/4        EV:  8    Int:  9    God:
Gold:   85         SH:  9    Dex: 12    Spells: 3/3 levels left

rFire    . . .     SeeInvis .   a - +0 war axe
rCold    . . .     Gourm    .   c - +0 shield
rNeg     . . .     Faith    .   b - +0 scale mail
rPois    .         Spirit   .   (no helmet)
rElec    .         Reflect  .   (no cloak)
rCorr    .         Harm     .   (no gloves)
MR       .....                  (no boots)
Stlth    ..........             (no amulet)
HPRegen  0.00/turn              (no ring)
MPRegen  0.09/turn              (no ring)

@: non-regenerating
A: damage resistance, heal wounds, sense surroundings 1, no regeneration
a: Heal Wounds


You were on level 4 of the Dungeon.
You were hungry.

You visited 1 branch of the dungeon, and saw 4 of its levels.

You collected 85 gold pieces.

Inventory:

Hand Weapons
 a - a +0 war axe (weapon)
Armour
 b - a +0 scale mail (worn)
 c - a +0 shield (worn)
Jewellery
 g - a +3 ring of intelligence {unknown}
 k - an uncursed ring of magical power {unknown}
 o - an uncursed ring of see invisible {unknown}
Scrolls
 e - a scroll of teleportation {unknown}
 h - a scroll of remove curse {unknown}
 m - 2 scrolls of noise {unknown}
 n - 2 scrolls of identify {unknown}
Potions
 d - a potion of might
 i - 2 potions of agility {unknown}
 j - 2 potions of brilliance {unknown}
 l - 2 potions of curing {unknown}
 p - 2 potions of heal wounds {unknown}
Comestibles
 f - 3 rations


   Skills:
 + Level 3.1 Fighting
 * Level 3.2 Axes
 + Level 3.6 Armour
 + Level 1.9 Dodging
 + Level 3.9 Shields


You had 3 spell levels left.
You didn't know any spells.

Dungeon Overview and Level Annotations

Branches:
Dungeon (4/15)
 Temple: D:4-7

Altars:

Shops:
D:4 *


Innate Abilities, Weirdness & Mutations

You are resistant to damage.
You can heal yourself by infusing magical energy.
You passively map a small area around you.
You do not regenerate.


Message History

The ogre is lightly wounded.
You block the ogre's attack.
You barely miss the ogre.
The ogre is lightly wounded.
The ogre hits you with a giant spiked club!
* * * LOW HITPOINT WARNING * * *
You fail to use your ability.
You fail to use your ability.
The ogre barely misses you.
You feel much better.
The ogre hits you with a giant spiked club!!
Ouch! That really hurt!
* * * LOW HITPOINT WARNING * * *
There is an open door here.
There is an open door here.
You block the ogre's attack.
There is a stone staircase leading up here.
You can't go down here!
The ogre hits you with a giant spiked club!!
Ouch! That really hurt!
You die...

, ....# ### ...##
#.. ,, .... * #.#
* *#.(# #.# #..#
,,, ####.### #..#
, ,,, ,
#......######..#,,
#............O@# ,
, #...........####
,,,, ,
#...........#
#.##'#'####.#
#.##.#.# *#+#* *,
, #.##.#.#* .S.,,
, #.##.#.# .....,
, #.##.#.##...Z.#
*, ,
#....#.##.....# *
*


You could see an ogre.

Vanquished Creatures
  2 adders (D:2)
  An ooze (D:1)
  3 worms (D:2)
  3 leopard geckos
  2 giant cockroaches
  7 goblins
  8 hobgoblins
  5 jackals (D:1)
  5 kobolds
  2 quokkas (D:2)
  A ball python (D:2)
  7 bats
  5 frilled lizards
  A rat (D:1)
52 creatures vanquished.

Notes
Turn   | Place    | Note
-------+----------+-------------------------------------------
     0 | D:1      | prawnwizard the Deep Dwarf Fighter began the quest for the Orb.
     0 | D:1      | Reached XP level 1. HP: 20/20 MP: 1/1
    64 | D:1      | Reached XP level 2. HP: 24/27 MP: 2/2
   252 | D:1      | Reached XP level 3. HP: 20/34 MP: 3/3
   752 | D:2      | Reached skill level 1 in Dodging
   807 | D:2      | Reached XP level 4. HP: 21/42 MP: 4/4
  1513 | D:4      | Found Edeth's General Store.
  1513 | D:4      | Noticed an ogre
  1547 | D:4      | Mangled by an ogre

Skill      XL: |  1  2  3 |
---------------+----------+-----
Fighting       | 3 |  3.1
Dodging        | 1 |  1.9
Axes           | 3 |  3.2
Armour         | |  3.6
Shields        | |  3.9

Action                   |  1- 3 |  4- 6 || total
-------------------------+-------+-------++-------
Melee: War axe           |   148 |    56 ||   204
 Abil: Heal Wounds       |     1 |     1 ||     2
  Eat: Chunk             |       |     2 ||     2
Armor: Scale mail        |   105 |    19 ||   124
Dodge: Dodged            |    64 |    25 ||    89
Block: Shield            |    99 |    43 ||   142
